 Dungeon Crawl Stone Soup version 0.21-a0-634-gaf8bc5d (webtiles) character file.

810 Moebius the Ruffian (level 7, -2/62 HPs)
             Began as a Troll Transmuter on Dec 29, 2017.
             Slain by Prince Ribbit (12 damage)
             ... on level 5 of the Dungeon.
             The game lasted 00:19:05 (3907 turns).

Moebius the Ruffian (Troll Transmuter)              Turns: 3907, Time: 00:19:06

Health: -2/62      AC:  6    Str: 19    XL:     7   Next: 61%
Magic:  7/10       EV: 10    Int: 16    God:
Gold:   337        SH:  0    Dex: 10    Spells: 9/12 levels left

rFire    . . .     SeeInvis .     - Unarmed
rCold    . . .     Gourm    +   (no shield)
rNeg     . . .     Faith    .   b - +1 robe
rPois    .         Spirit   .   (helmet restricted)
rElec    .         Reflect  .   (no cloak)
rCorr    .         Harm     .   (gloves unavailable)
MR       .....                  (boots unavailable)
Stlth    +.........             (no amulet)
HPRegen  0.60/turn              n - +5 ring of intelligence
MPRegen  0.12/turn              (no ring)

@: appendage, hasted, very quick
A: large, unfitting armour, claws 3, horns 2, fast metabolism 3, gourmand,
regeneration 1, shaggy fur 1, tough skin 2
a: End Transformation


You were on level 5 of the Dungeon.
You were full.
You had grown temporary horns.
You visited 1 branch of the dungeon, and saw 6 of its levels.
You also visited: Ossuary.

You collected 337 gold pieces.

Inventory:

Hand Weapons
 u - a cursed -2 fustibalus
 w - a cursed +0 mace
 x - a cursed -3 hand axe
 A - the +1 hand axe "Wecokacs" {flame, Str+4, unknown}
   (You found it on level 4 of the Dungeon)

   It has been specially enchanted to burn those struck by it, causing extra
   injury to most foes and up to half again as much damage against particularly
   susceptible opponents.
   Big, fiery blades are also staple armaments of hydra-hunters.
   It affects your strength (+4).
 D - a +3 short sword of electrocution
Missiles
 a - 61 arrows
 f - 7 poisoned needles
 h - 52 sling bullets
 i - 16 bolts
 m - 15 tomahawks (quivered)
 q - 4 needles of confusion
Armour
 b - a +1 robe (worn)
 g - a cursed +0 large shield
Magical Staves
 t - an uncursed staff of wizardry
Jewellery
 n - a +5 ring of intelligence (left claw)
 v - an uncursed ring of fire {unknown}
 C - an uncursed amulet of magic regeneration {unknown}
Scrolls
 e - 3 scrolls of identify
 j - 3 scrolls of enchant weapon
 k - 2 scrolls of remove curse
 o - 4 scrolls of enchant armour
 y - a scroll of vulnerability {unknown}
 B - 2 scrolls of magic mapping {unknown}
Potions
 l - a potion of flight
 p - a potion of haste
 r - a potion of mutation {unknown}
 s - 3 potions of brilliance {unknown}
 z - a potion of heal wounds {unknown}
Books
 c - a book of Changes

   Spells                             Type                      Level
   a - Beastly Appendage              Transmutation                1
   b - Sticks to Snakes               Transmutation                2
   c - Spider Form                    Transmutation/Poison         3
   d - Ice Form                       Ice/Transmutation            4
   e - Blade Hands                    Transmutation                5
Comestibles
 d - 13 rations


   Skills:
 + Level 1.4 Fighting
 + Level 1.7 Throwing
 - Level 1.5 Dodging
 + Level 5.6 Unarmed Combat
 * Level 3.1 Spellcasting
 * Level 3.5 Transmutations


You had 9 spell levels left.
You knew the following spells:

 Your Spells              Type           Power        Failure   Level  Hunger
a - Beastly Appendage     Tmut           ##....       4%          1    None
b - Sticks to Snakes      Tmut           ##......     6%          2    ##.....


Dungeon Overview and Level Annotations

Branches:
Dungeon (6/15)
 Temple: D:4-7

Altars:

Annotations:
D:4 Apogee's ghost, amateur OgBe
D:5 Prince Ribbit


Innate Abilities, Weirdness & Mutations

You are too large for most types of armour.
You have claws for hands.
Your metabolism is lightning-fast.
You like to eat raw meat.
Your natural rate of healing is unusually fast.
You are covered in fur. (AC +1)
You have very tough skin. (AC +2)
You have a pair of horns on your head.


Message History

Prince Ribbit hits you!
You miss Prince Ribbit. Prince Ribbit hits you.
You barely miss Prince Ribbit. You claw Prince Ribbit!
Prince Ribbit is lightly wounded.
Prince Ribbit lets out a mournful croak.
Prince Ribbit hits you!
Your ball python misses Prince Ribbit. x2
You are too injured to fight recklessly!
You are too injured to fight recklessly!
You claw Prince Ribbit! Your headbutt misses Prince Ribbit.
Prince Ribbit is heavily wounded.
Prince Ribbit closely misses you.
Your ball python completely misses Prince Ribbit. x2
Prince Ribbit hits you!
* * * LOW HITPOINT WARNING * * *
It was a potion of haste.
You feel yourself speed up.
Your ball python barely misses Prince Ribbit.
Your ball python grabs Prince Ribbit.
Your ball python constricts Prince Ribbit.
Prince Ribbit hits you!
You die...

#..#..#..#...#..#..#...#.
#..#..'.[#####.P#'##...#.
#..####'##.............#.
#..........⌠...........#.
#............###'#.....#.
#...####..##'#...####..#.
#...#.)'..#..#...#..#....
#...#..#SP#..#...').#..##
#..P####@F###########..#
#......................#
#................###...#
......#############.###.###
#####.# #..##.# #.#
########.##.# ...
#.....##.##.#### ...
##.....##..#.#... +..
#......###.#.#.##


You could see Prince Ribbit and a friendly ball python.

Vanquished Creatures
  Menkaure (D:5)
  A sky beast (D:5)
  An ogre (D:4)
  2 howler monkeys
  A crimson imp (D:3)
  A centaur zombie (D:5)
  A hound (D:4)
  2 bullfrog skeletons (D:4)
  2 worker ants
  A big kobold zombie (Ossuary)
  2 hound zombies (Ossuary)
  5 mummies
  5 adders
  An adder zombie (Ossuary)
  2 worms
  A dart slug (D:4)
  2 leopard geckos
  9 orcs
  7 bats
  3 giant cockroaches (D:1)
  A gnoll zombie (Ossuary)
  13 hobgoblins
  8 jackals (D:3)
  8 kobolds
  A quokka (D:5)
  7 frilled lizards
  8 goblins
  A goblin zombie (Ossuary)
  A hobgoblin zombie (Ossuary)
  A jackal zombie (Ossuary)
  A kobold zombie (Ossuary)
  A leopard gecko skeleton (D:4)
  A leopard gecko zombie (D:5)
  An orc zombie (Ossuary)
  9 rats
  A rat zombie (Ossuary)
113 creatures vanquished.

Vanquished Creatures (collateral kills)
  A kobold zombie (Ossuary)
  A leopard gecko skeleton (D:4)
2 creatures vanquished.

Grand Total: 115 creatures vanquished

Notes
Turn   | Place    | Note
-------+----------+-------------------------------------------
     0 | D:1      | Moebius the Troll Transmuter began the quest for the Orb.
     0 | D:1      | Reached XP level 1. HP: 18/18 MP: 1/1
   139 | D:1      | Reached XP level 2. HP: 22/26 MP: 3/3
   146 | D:1      | Learned a level 2 spell: Sticks to Snakes
   410 | D:1      | You fall through a shaft!
   418 | D:2      | Reached XP level 3. HP: 29/32 MP: 2/4
  1131 | D:2      | Reached XP level 4. HP: 40/40 MP: 5/5
  1293 | D:3      | Reached skill level 4 in Unarmed Combat
  1623 | D:3      | Reached XP level 5. HP: 46/46 MP: 5/7
  1823 | D:4      | Noticed an ogre
  2244 | D:4      | Noticed Apogee's ghost (amateur OgBe)
  2384 | D:5      | Entered Level 5 of the Dungeon
  2405 | D:5      | Found a sand-covered staircase.
  2416 | Ossuary  | Entered an ossuary
  2437 | Ossuary  | Reached skill level 1 in Fighting
  2502 | Ossuary  | Reached XP level 6. HP: 55/55 MP: 6/8
  2807 | D:4      | Reached skill level 1 in Throwing
  2807 | D:4      | Reached skill level 5 in Unarmed Combat
  3095 | D:4      | Got a crude hand axe
  3534 | D:5      | Reached XP level 7. HP: 53/62 MP: 8/10
  3683 | D:5      | Noticed Menkaure
  3686 | D:5      | Killed Menkaure
  3901 | D:5      | Noticed Prince Ribbit
  3907 | D:5      | Slain by Prince Ribbit

Vault maps used:
D:1:      giann_bridges, hangedman_abyss_or_decor_lesser_grid
D:3:      first_ration
D:5:      corexii_shack_village, nicolae_ossuary_entry_giza, basic_altar,
          minmay_liquid_box, uniq_prince_ribbit1, uniq_menkaure
D:6:      zin_statuary, serial_shops, shop, st_stairs_9, uniq_duvessa
Ossuary:  ossuary_minmay_tomb_2a

Skill      XL: |  1  2  3  4  5  6  7 |
---------------+----------------------+-----
Transmutations | 2 3 |  3.5
Unarmed Combat | 4 5 |  5.6
Spellcasting   | 2 3 |  3.1
Fighting       | 1 |  1.4
Throwing       | 1 |  1.7
Dodging        | |  1.5

Action                   |  1- 3 |  4- 6 |  7- 9 || total
-------------------------+-------+-------+-------++-------
Melee: Unarmed           |    67 |   162 |    43 ||   272
       Kick              |     2 |    16 |     3 ||    21
       Headbutt          |     1 |     3 |     5 ||     9
       Staff             |       |     4 |       ||     4
       Punch             |       |     1 |     1 ||     2
Throw: Tomahawk          |       |    35 |     3 ||    38
 Cast: Beastly Appendage |     9 |    24 |     7 ||    40
       Sticks to Snakes  |       |     7 |     3 ||    10
  Use: Scroll            |       |     6 |       ||     6
       Potion            |       |     2 |     1 ||     3
 Stab: Sleeping          |       |     1 |       ||     1
  Eat: Chunk             |    15 |    19 |     6 ||    40
Armor: Robe              |    15 |    86 |     8 ||   109
Dodge: Dodged            |    35 |   139 |    13 ||   187

Table legend:
 A = Spawn XP
 B = Non-spawn XP
 C = Spawn XP percentage of total XP
 D = Spawn monster count
 E = Non-spawn monster count
 F = Spawn count percentage of total count
 G = Total turns spent on level
                    A         B        C        D         E        F      G
               +---------+---------+-------+---------+---------+-------+---------
         Total |       0 |    1158 |   0.0 |       0 |     115 |   0.0 |  3907
               +---------+---------+-------+---------+---------+-------+---------
           D:1 |       0 |      26 |   0.0 |       0 |      16 |   0.0 |   623
           D:2 |       0 |      87 |   0.0 |       0 |      21 |   0.0 |   631
           D:3 |       0 |     115 |   0.0 |       0 |      33 |   0.0 |  1133
           D:4 |       0 |     297 |   0.0 |       0 |      11 |   0.0 |   786
           D:5 |       0 |     480 |   0.0 |       0 |      18 |   0.0 |   473
       Ossuary |       0 |     153 |   0.0 |       0 |      16 |   0.0 |   257
               +---------+---------+-------+---------+---------+-------+---------
